 Dungeon Crawl Stone Soup version 0.29-a0-322-g68df515428 (webtiles) character file.

Game seed: 1053686337898892697

95 kae the Firebug (level 4, 0/25 HPs)
             Began as a Tengu Fire Elementalist on Apr 7, 2022.
             Killed from afar by Natasha (9 damage)
             ... with a magic dart
             ... on level 1 of the Dungeon.
             The game lasted 00:01:05 (2455 turns).

kae the Firebug (Tengu Fire Elementalist)           Turns: 2455, Time: 00:01:06

Health: 0/25       AC:  2    Str:  9    XL:     4   Next: 65%
Magic:  6/8        EV: 12    Int: 17    God:
Gold:   102        SH:  0    Dex: 14    Spells: 1/7 levels left

rFire   . . .      SeeInvis .   (no weapon)
rCold   . . .      Faith    .   (no shield)
rNeg    . . .      Spirit   .   a - +0 robe
rPois   .          Reflect  .   (helmet restricted)
rElec   .          Harm     .   (no cloak)
rCorr   .          Rampage  .   (no gloves)
Will    .....                   (boots unavailable)
Stlth   ++........              (no amulet)
HPRegen 0.08/turn               (no ring)
MPRegen 0.11/turn               (no ring)

@: no status effects
A: beak, talons 3
a: no special abilities


You were on level 1 of the Dungeon.
You visited 1 branch of the dungeon, and saw 4 of its levels.

You collected 102 gold pieces.

Inventory:

Armour
 a - a +0 robe (worn)
Jewellery
 i - a ring of protection from fire
 l - a +4 ring of evasion
Wands
 j - a wand of charming (7)
Scrolls
 d - 2 scrolls of identify {unknown}
 f - a scroll of teleportation {unknown}
 h - a scroll of amnesia {unknown}
 m - a scroll of immolation {unknown}
Potions
 b - a potion of magic
 c - 2 potions of might {unknown}
 e - 2 potions of curing {unknown}
 g - a potion of berserk rage {unknown}
 k - a potion of flight {unknown}
 n - a potion of heal wounds {unknown}
 o - a potion of haste
 p - 2 potions of lignification {unknown}


   Skills:
 + Level 1.2 Fighting
 + Level 1.1 Armour
 + Level 2.8 Dodging
 - Level 2.0 Stealth
 + Level 2.3 Spellcasting
 + Level 2.3 Conjurations
 * Level 4.3 Fire Magic


You had one spell level left.
You knew the following spells:

 Your Spells              Type           Power      Damage    Failure   Level
a - Foxfire               Conj/Fire      52%        2x1d6     4%          1
b - Scorch                Fire           32%        2d6       4%          2
c - Conjure Flame         Conj/Fire      13%        6-21      14%         3

Your spell library contained the following spells:

 Spells                   Type           Power      Damage    Failure   Level
 Inner Flame              Hex/Fire       9%         N/A       22%         3
 Flame Wave               Conj/Fire      13%        2d6       43%         4
 Ozocubu's Armour         Ice            1%         N/A       50%         3
 Ozocubu's Refrigeration  Ice            0%         4d5       100%        7


Dungeon Overview and Level Annotations

Branches:
Dungeon (4/15)
 Temple: D:4-7

Altars:
Kikubaaqudgha

Annotations:
D:1 Natasha
D:2 Sigmund


Innate Abilities, Weirdness & Mutations

You have a beak for a mouth.
You have claws for feet.


Message History

Casting: Foxfire (safe; 4% risk of failure)
Confirm with . or Enter, or press ? or * to list all spells.
You conjure some foxfire!
Your foxfire dissipates!
The foxfire hits Sigmund.
Sigmund is lightly wounded.
The foxfire hits Sigmund but does no damage.
Sigmund is lightly wounded.
Sigmund gestures at you while chanting.
You are confused.
Sigmund gestures at you while chanting. The puff of flame hits you!
You're too confused to move!
You bump into the rock wall.
Natasha closely misses you. Natasha attacks as you move away!
Natasha claws you. Natasha attacks as you move away! Natasha misses you.
You feel less confused.
Okay, then.
Sigmund mumbles some strange words.
Sigmund flickers and vanishes!
Deactivating autopickup; reactivate with Ctrl-A.
Natasha claws you. Natasha claws you.
You see here a hobgoblin corpse.
Natasha attacks as you move away! Natasha barely misses you.
Natasha attacks as you move away! Natasha closely misses you.
There is a stone staircase leading up here.
Natasha stares at you and mumbles some strange words.
You resist with some effort.
You climb upwards.
Reactivating autopickup.
There is a stone staircase leading down here.
Casting: Foxfire (safe; 4% risk of failure)
Confirm with . or Enter, or press ? or * to list all spells.
Flames lash Natasha.
Natasha is moderately wounded.
Natasha's fire resistance burns away.
Natasha casts a spell at you. The magic dart hits you!
You die...

# ############
###..........#
.......รท.....#
.............#####
...............h@#
.............#####
.##..........#
.##..........#
.......#######
..##...# .......#
..##...# ..##...#


You could see Natasha (combustible).

Vanquished Creatures
  Natasha (D:2)
  2 adders
  2 dart slugs
  5 bats
  5 endoplasms
  2 giant cockroaches
  4 goblins
  4 hobgoblins
  5 kobolds
  6 ball pythons
  A frilled lizard (D:1)
  7 rats
  A spectral kobold (D:1)
45 creatures vanquished.

Vanquished Creatures (others)
  149 foxfires
149 creatures vanquished.

Grand Total: 194 creatures vanquished

Notes
Turn   | Place    | Note
-------+----------+-------------------------------------------
     0 | D:1      | kae the Tengu Fire Elementalist began the quest for the
                  | Orb.
     0 | D:1      | Reached XP level 1. HP: 10/10 MP: 4/4
   241 | D:1      | Reached XP level 2. HP: 16/16 MP: 4/6
   367 | D:1      | Found a faded altar of an unknown god.
   827 | D:1      | Reached XP level 3. HP: 18/20 MP: 3/7
   830 | D:1      | Learned a level 2 spell: Scorch
   834 | D:1      | Learned a level 3 spell: Conjure Flame
  1197 | D:2      | Noticed Natasha
  1206 | D:2      | Killed Natasha
  1207 | D:2      | Reached skill level 1 in Fighting
  1207 | D:2      | Reached skill level 1 in Armour
  1207 | D:2      | Reached skill level 4 in Fire Magic
  1213 | D:2      | Reached XP level 4. HP: 17/25 MP: 1/8
  1371 | D:2      | Noticed Sigmund
  1498 | D:2      | You fall into a shaft and drop 2 floors!
  1961 | D:3      | Found an ancient bone altar of Kikubaaqudgha.
  2431 | D:2      | Noticed Natasha
  2455 | D:1      | Killed from afar by Natasha

Illustrated notes

Levels and vault maps discovered:
D:1:      psy_arrival_terrarium, layout_basic,
          dreamdust_ecumenical_altar_drowned_temple
D:2:      layout_loops_ring, uniq_natasha, uniq_sigmund
D:3:      layout_loops_cross, mainiacjoe_overflow_24_doors
D:4:      layout_layer_cave, minmay_puff

Skill      XL: |  1  2  3 |
---------------+----------+-----
Fighting       | 1 |  1.2
Armour         | 1 |  1.1
Conjurations   | 2 |  2.3
Fire Magic     | 4 |  4.3
Dodging        | |  2.8
Stealth        | |  2.0
Spellcasting   | |  2.3

Action                   |  1- 3 |  4- 6 || total
-------------------------+-------+-------++-------
Melee: Unarmed           |     5 |     1 ||     6
       Kick              |     1 |       ||     1
 Cast: Foxfire           |    57 |    34 ||    91
       Scorch            |       |     1 ||     1
Armor: Robe              |     4 |     1 ||     5
Dodge: Dodged            |    15 |     8 ||    23

Table legend: (Time is in decaauts)
 A = Elapsed time spent in this place.
 B = Non-inter-level travel time spent in this place.
 C = Inter-level travel time spent in this place.
 D = Time resting spent in this place.
 E = Time spent auto-exploring this place.
 F = Levels seen in this place.
 G = Mean time per level.
                   A        B        C        D        E       F      G
               +--------+--------+--------+--------+--------+-----+--------+
         Total |   2458 |   2436 |     22 |      0 |   2078 |   4 |  614.5 |
       Dungeon |   2458 |   2436 |     22 |      0 |   2078 |   4 |  614.5 |
               +--------+--------+--------+--------+--------+-----+--------+

Top non-repeatable levels by time:
     D:1: 1045 daAuts
     D:3: 718 daAuts
     D:2: 680 daAuts
     D:4: 13 daAuts
